FIQ, neutral male scurrid Tourist ---+------------ |.......Q......| |.......r......| |..............| +..............| ---------------- FIQ the Rambler Experience level: 1 Strength: 11 Dexterity: 9 Constitution: 14 Intelligence: 14 Wisdom: 11 Charisma: 17 Health: 0(9) Energy: 2(2) Def: 0 Gold: 770 Moves: 29 Dungeon seed: bxr_s0e95J6vkRiX Game ID: FIQ_1498602939 Your Inventory: Coins $ - 770 gold pieces Weapons a - 50 uncursed +2 darts (in quiver) Armor n - an uncursed +0 Hawaiian shirt (being worn) Comestibles b - 4 uncursed eggs c - 7 uncursed food rations d - an uncursed tin of goblin meat Scrolls f - 4 uncursed scrolls of magic mapping Potions e - 2 uncursed potions of extra healing Wands i - an uncursed wand of secret door detection (0:12) Tools g - an uncursed expensive camera (0:63) h - an uncursed credit card j - an uncursed leash Spells and supernatural/magical abilities: Name Level Category Fail Memory W - pray for help -- divine ? -- Your skills at the end: Miscellaneous Skills wands [Basic] Weapon Skills dart [Basic] Spellcasting Skills Final Attributes: You were devoutly aligned. You had infravision. You were very stealthy. You are dead. Voluntary challenges: You went without food. You did not adorn yourself with jewelry or accessories. You did not cause conflict. You were not invisible. You did not have reflection. You were not displaced. You were an atheist. You never hit with a wielded weapon. You were a pacifist. You did not use tools. You did not use plumbed fixtures. You did not drink any magical draughts. You were illiterate. You never genocided any monsters. You never polymorphed an object. You never changed form. You used no wishes. You never split a pudding. You never wrote Elbereth's name. You never violated your personal moral code. Dungeon overview: The Dungeons of Doom: levels 1 to 12 Level 1 an altar to The Lady a long staircase Level 2 Level 3 Level 4 a fountain a long staircase Level 5 Level 6 Level 7 Level 8 Level 9 Level 10 a long staircase Level 11 Level 12 <- You were here History has recorded: On T:1 you entered the Dungeons of Doom to retrieve the Amulet of Yendor! On T:4 you reached level 2 of The Dungeons of Doom. On T:6 you reached level 3 of The Dungeons of Doom. On T:8 you reached level 4 of The Dungeons of Doom. On T:10 you reached level 5 of The Dungeons of Doom. On T:13 you reached level 6 of The Dungeons of Doom. On T:15 you reached level 7 of The Dungeons of Doom. On T:17 you reached level 8 of The Dungeons of Doom. On T:19 you reached level 9 of The Dungeons of Doom. On T:22 you reached level 10 of The Dungeons of Doom. On T:25 you reached level 11 of The Dungeons of Doom. On T:28 you reached level 12 of The Dungeons of Doom. Score breakdown: Gold: 0 ( 0 points) Experience: 1 level ( 0 points) Exploration: 12 levels ( 330 points) Discoveries: 0 items ( 0 points) Variety of kills: 0 monsters ( 0 points) Major goal: (nothing yet) ( 0 points) Survival: died (score multiplied by 3) Total score: 990 Latest messages: You continue digging downward. You dig a pit in the floor. You continue digging downward. You dig a hole through the floor. You fall through... That command is only available in debug mode. You have no weapon equipped. You start digging downward. You continue digging downward. You dig a pit in the floor. You continue digging downward. You dig a hole through the floor. You fall through... You start digging downward. You continue digging downward. You dig a pit in the floor. You continue digging downward. You dig a hole through the floor. You fall through... The Woodland-elf wields a runed broadsword! You start digging downward. You continue digging downward. You dig a pit in the floor. The Woodland-elf swings her runed broadsword at you. The Woodland-elf hacks you! You die... Final status: Aloha FIQ the Tourist, killed by a Woodland-elf... You died in The Dungeons of Doom on dungeon level 12 with 990 points, and 770 pieces of gold, after 29 moves. You were level 1 with a maximum of 9 hit points when you died.